 Dungeon Crawl Stone Soup version 0.25.1-2-g60ff931df9 (webtiles) character file.

Game seed: 9495507355539007899

2137 HawFromDerth the Cleaver (level 9, -2/81 HPs)
             Began as a Deep Dwarf Fighter on Sept 21, 2020.
             Was a Follower of Makhleb.
             Slain by a mummy (13 damage)
             ... in an ossuary.
             The game lasted 00:17:18 (5319 turns).

HawFromDerth the Cleaver (Deep Dwarf Fighter)       Turns: 5319, Time: 00:17:18

Health: -2/81      AC: 10    Str: 28    XL:     9   Next: 9%
Magic:  5/5        EV: 12    Int: 10    God:    Makhleb [*.....]
Gold:   261        SH:  0    Dex: 12    Spells: 8/8 levels left

rFire    + . .     SeeInvis .   k - +0 battleaxe
rCold    + . .     Gourm    .   (shield currently unavailable)
rNeg     . . .     Faith    .   b - +0 scale mail
rPois    +         Spirit   .   m - +1 helmet
rElec    +         Reflect  .   (no cloak)
rCorr    +         Harm     .   (no gloves)
MR       ++...     Rnd*Rage +   (no boots)
Stlth    ..........             l - amulet of the acrobat
HPRegen  0.00/turn              n - ring of protection from magic
MPRegen  0.09/turn              o - +6 ring of strength

@: resistant, non-regenerating
A: damage resistance, heal wounds, berserk 1, sense surroundings 2, MP-powered
wands, no regeneration
a: Heal Wounds, Renounce Religion


You were in an ossuary.
You worshipped Makhleb.
Makhleb was aware of your devotion.
You were not hungry.

You visited 2 branches of the dungeon, and saw 7 of its levels.
You also visited: Ossuary.

You collected 261 gold pieces.

Inventory:

Hand Weapons
 a - a +1 war axe
 k - a +0 battleaxe (weapon)
Armour
 b - a +0 scale mail (worn)
 c - a +0 kite shield
 m - a +1 helmet (worn)
Jewellery
 l - an amulet of the acrobat (around neck)
 n - a ring of protection from magic (left hand)
 o - a +6 ring of strength (right hand)
 p - an uncursed ring of ice
 q - an uncursed ring of wizardry {unknown}
Wands
 r - a wand of polymorph (5)
 w - a wand of iceblast (6)
Scrolls
 e - 4 scrolls of amnesia
 g - a scroll of enchant weapon
 h - 5 scrolls of teleportation
 i - a scroll of summoning {unknown}
 s - 3 scrolls of remove curse
 u - 6 scrolls of identify
 y - a scroll of magic mapping {unknown}
Potions
 d - 3 potions of might
 j - a potion of heal wounds {unknown}
 t - 2 potions of brilliance
 v - a potion of mutation
 x - a potion of stabbing
 z - a potion of haste
Comestibles
 f - 8 rations


   Skills:
 + Level 5.3 Fighting
 + Level 9.6 Axes
 + Level 6.4 Armour
 + Level 3.2 Dodging
 + Level 0.9 Stealth
 + Level 4.5 Shields


You had 8 spell levels left.
You didn't know any spells.
Your spell library contained the following spells:

 Spells                   Type           Power        Failure   Level  Hunger
 Animate Skeleton         Necr           N/A          58%         1    ##.....
 Apportation              Tloc           #.....       58%         1    ##.....
 Corona                   Hex            #......      58%         1    ##.....
 Summon Small Mammal      Summ           #...         58%         1    ##.....


Dungeon Overview and Level Annotations

Branches:
Dungeon (6/15)             Temple (1/1) D:5         Ossuary (1/1)

Altars:
Ashenzari
Cheibriados
Dithmenos
Elyvilon
Fedhas
Gozag
Hepliaklqana
Makhleb
Nemelex Xobeh
Okawaru
Qazlal
Ru
Sif Muna
Trog
Uskayaw
Vehumet
Wu Jian
Xom
Yredelemnul
Zin
The Shining One

Shops:
D:4 (   D:5 (


Innate Abilities, Weirdness & Mutations

You are resistant to damage.
You can heal yourself by infusing magical energy.
You passively map the area around you.
You do not regenerate.
You tend to lose your temper in combat.
You expend magic power (3 MP) to strengthen your wands.


Message History

You destroy the mummy!
Makhleb accepts your kill.
You feel better.
There is an open door here.
u - 5 scrolls of identify (gained 1)
e - 4 scrolls of amnesia (gained 1)
j - a yellow potion
s - 3 scrolls of remove curse (gained 1)
y - a scroll labeled EVOINA CISMA
z - a potion of haste
u - 6 scrolls of identify (gained 1)
A - a viscous ruby potion
There is an open door here.
A mummy comes into view.
A mummy is nearby!
It was a potion of resistance.
You feel protected.
A mummy comes into view.
You closely miss the mummy. The mummy hits you!
You die...

############# *
#.#.#.#.#.#.# *
###'#'#'#'#'#'#'#
#.'.........@M..+ *
###.##'##'##'##.#
#...#!..#.#...#.',
##≈.#...###..M#≈###
#P≈≈#...#,#...#≈..#
##≈.#####'#####≈≈≈#
#P.≈≈≈≈.≈≈. ≈..P
###≈#####'#####.≈##
#P'.#..∩# #...#.≈.#


You could see 2 mummies.

Vanquished Creatures
  Eustachio (D:4)
  2 ice beasts
  2 sky beasts (D:5)
  An ogre (D:5)
  A centaur (D:5)
  A bullfrog (D:6)
  A water moccasin zombie (Ossuary)
  4 scorpions
  A centaur zombie (Ossuary)
  5 bullfrog zombies (Ossuary)
  2 crimson imps
  2 bullfrog skeletons
  An orc priest (D:4)
  4 hounds
  An orc wizard (D:4)
  A centaur skeleton (D:5)
  An iguana (D:5)
  5 worker ants
  A killer bee zombie (Ossuary)
  3 hound zombies
  13 mummies (Ossuary)
  2 howler monkey skeletons
  A worker ant zombie (Ossuary)
  4 gnolls (D:6)
  3 adders
  A shadow imp (D:5)
  An adder zombie (Ossuary)
  An adder skeleton (D:4)
  3 worms
  2 dart slugs
  6 leopard geckos
  9 orcs
  4 ball pythons
  6 bats
  6 giant cockroaches
  5 goblins
  4 hobgoblins
  10 jackals
  7 kobolds
  9 frilled lizards
  A giant cockroach zombie (Ossuary)
  3 jackal zombies (Ossuary)
  2 leopard gecko zombies (Ossuary)
  2 quokka zombies
  9 rats
  A rat zombie (D:6)
155 creatures vanquished.

Vanquished Creatures (others)
  A withered plant (Ossuary)
1 creature vanquished.

Grand Total: 156 creatures vanquished

Notes
Turn   | Place    | Note
-------+----------+-------------------------------------------
     0 | D:1      | HawFromDerth the Deep Dwarf Fighter began the quest for the
                  | Orb.
     0 | D:1      | Reached XP level 1. HP: 20/20 MP: 1/1
   208 | D:1      | Reached XP level 2. HP: 24/27 MP: 2/2
   882 | D:2      | Reached XP level 3. HP: 25/34 MP: 3/3
  1140 | D:2      | Found an opulent altar of Gozag.
  1218 | D:2      | Reached skill level 3 in Axes
  1622 | D:2      | Found a shimmering blue altar of Sif Muna.
  1779 | D:3      | Reached XP level 4. HP: 20/42 MP: 4/4
  1933 | D:3      | Found a sacrificial altar of Ru.
  2465 | D:4      | Found a shattered altar of Ashenzari.
  2473 | D:4      | Reached skill level 4 in Axes
  2480 | D:4      | Reached XP level 5. HP: 36/49 MP: 3/3
  2582 | D:4      | Reached skill level 1 in Dodging
  2655 | D:4      | Found Efru's Antique Weapon Emporium.
  2666 | D:4      | Reached XP level 6. HP: 36/56 MP: 4/4
  2980 | D:4      | Reached skill level 5 in Axes
  3102 | D:4      | Noticed Eustachio
  3228 | D:4      | Killed Eustachio
  3228 | D:4      | Reached XP level 7. HP: 58/63 MP: 3/3
  3494 | D:5      | Entered Level 5 of the Dungeon
  3652 | D:5      | Reached skill level 6 in Axes
  3652 | D:5      | Reached skill level 5 in Armour
  3657 | D:5      | Found Baexke's Weapon Emporium.
  3852 | D:5      | HP: 2/64 [iguana (6)]
  3951 | D:5      | Found the +8 autumn katana {vorpal, Clar}
  4194 | D:5      | Reached skill level 7 in Axes
  4194 | D:5      | Reached XP level 8. HP: 63/73 MP: 4/4
  4548 | D:5      | Found a staircase to the Ecumenical Temple.
  4557 | Temple   | Entered the Ecumenical Temple
  4631 | Temple   | Became a worshipper of Makhleb the Destroyer
  4741 | D:6      | Found a shadowy altar of Dithmenos.
  4743 | D:6      | Found a glowing golden altar of the Shining One.
  4804 | D:6      | Reached skill level 8 in Axes
  4988 | D:6      | Found a hazy altar of Hepliaklqana.
  5005 | D:6      | Reached skill level 5 in Fighting
  5051 | D:6      | Found a sand-covered staircase.
  5060 | Ossuary  | Entered an ossuary
  5109 | Ossuary  | Reached * piety under Makhleb
  5116 | Ossuary  | Reached skill level 9 in Axes
  5145 | Ossuary  | Gained mutation: You tend to lose your temper in combat.
                  | [potion of mutation]
  5145 | Ossuary  | Gained mutation: You expend magic power (3 MP) to
                  | strengthen your wands. [potion of mutation]
  5236 | Ossuary  | Gained mutation: You passively map the area around you.
                  | [Deep Dwarf growth]
  5236 | Ossuary  | Reached XP level 9. HP: 29/81 MP: 5/5
  5319 | Ossuary  | Slain by a mummy

Illustrated notes

Levels and vault maps discovered:
D:1:      dpeg_arrival_refuge, layout_loops_corners
D:2:      layout_loops_ring, lemuel_blue_sif_altar, grunt_gozag_breadcrumbs,
          minmay_lizard_pond
D:3:      layout_basic, first_ration, nicolae_ru_awakened_eye
D:4:      layout_loops_ring, cheibrodos_ashenzari_chains, serial_shops, shop,
          dk_rats_in_the_wall, uniq_eustachio
D:5:      minmay_recursive_quarters, layout_basic, lemuel_temple_firewalk_b,
          serial_shops, shop, supply_closet_lemuel
D:6:      layout_basic, lemuel_coloured_pillars_altar,
          chequers_temple_overflow_statue_of_worship, kennysheep_little_box,
          enter_ossuary_4
Temple:   eino_wide_crystal_templ
Ossuary:  ossuary_zaba_flooded

Skill      XL: |  1  2  3  4  5  6  7  8 |
---------------+-------------------------+-----
Fighting       | 3 4 5 |  5.3
Axes           | 3 4 5 7 9 |  9.6
Armour         | 4 5 6 |  6.4
Shields        | 4 |  4.5
Dodging        | 1 2 3 |  3.2
Stealth        | |  0.9

Action                   |  1- 3 |  4- 6 |  7- 9 || total
-------------------------+-------+-------+-------++-------
Melee: War axe           |   153 |   134 |       ||   287
       Battleaxe         |       |   104 |   252 ||   356
 Abil: Heal Wounds       |       |     6 |     5 ||    11
  Use: Potion            |     2 |     4 |     9 ||    15
       Scroll            |       |     4 |     5 ||     9
  Eat: Chunk             |     3 |     1 |     6 ||    10
       Ration            |     1 |       |     1 ||     2
Armor: Scale mail        |   122 |   206 |   118 ||   446
Dodge: Dodged            |    74 |   183 |   183 ||   440
Block: Kite shield       |   109 |    74 |       ||   183
